 Dungeon Crawl Stone Soup version 0.23-a0-607-g760965b7 (webtiles) character file.

2352 zishaf the Cleaver (level 9, 0/83 HPs)
             Began as a Hill Orc Monk on Dec 20, 2018.
             Was a Believer of Beogh.
             Succumbed to a killer bee's poison
             ... on level 7 of the Dungeon.
             The game lasted 00:09:06 (6026 turns).

zishaf the Cleaver (Hill Orc Monk)                  Turns: 6026, Time: 00:09:06

Health: 0/83       AC: 12    Str: 17    XL:     9   Next: 43%
Magic:  9/9        EV:  8    Int: 10    God:    Beogh [**....]
Gold:   437        SH:  5    Dex: 13    Spells: 8/8 levels left

rFire    . . .     SeeInvis .   b - +0 battleaxe
rCold    . . .     Gourm    .   (shield currently unavailable)
rNeg     . . .     Faith    .   j - +0 chain mail
rPois    .         Spirit   .   (no helmet)
rElec    .         Reflect  +   k - +0 cloak
rCorr    +         Harm     .   (no gloves)
MR       .....                  (no boots)
Stlth    ..........             u - +5 amulet of reflection
HPRegen  0.23/turn              r - ring of resist corrosion
MPRegen  0.11/turn              (no ring)

@: lethally poisoned (0 -> -12)
A: no striking features
a: Smiting, Renounce Religion


You were on level 7 of the Dungeon.
You worshipped Beogh.
Beogh was pleased with you.
You were not hungry.

You visited 1 branch of the dungeon, and saw 7 of its levels.

You collected 437 gold pieces.

Inventory:

Hand Weapons
 b - a +0 battleaxe (weapon)
Armour
 j - a +0 chain mail (worn)
 k - a +0 cloak (worn)
Jewellery
 n - an uncursed ring of fire
 r - a ring of resist corrosion (left hand)
 u - a +5 amulet of reflection (around neck)
 A - an uncursed amulet of the acrobat {unknown}
Scrolls
 a - 2 scrolls of immolation {unknown}
 f - 3 scrolls of fear {unknown}
 g - 12 scrolls of identify
 l - a scroll of amnesia {unknown}
 m - a scroll of magic mapping {unknown}
 o - a scroll of random uselessness {unknown}
 q - a scroll of noise {unknown}
 s - a scroll of vulnerability {unknown}
 v - a scroll of blinking {unknown}
 y - a scroll of remove curse
Potions
 d - 3 potions of brilliance
 e - a potion of lignification {unknown}
 h - a potion of magic {unknown}
 i - 4 potions of curing {unknown}
 p - a potion of haste {unknown}
 t - 3 potions of cancellation {unknown}
 x - a potion of mutation {unknown}
 z - a potion of degeneration {unknown}
Comestibles
 c - 14 rations
 w - 4 chunks of flesh


   Skills:
 + Level 9.3 Fighting
 + Level 9.8 Axes
 + Level 7.7 Armour
 - Level 3.0 Dodging
 - Level 1.5 Stealth


You had 8 spell levels left.
You didn't know any spells.
Your spell library contained the following spells:

 Spells                   Type           Power        Failure   Level  Hunger
 Animate Skeleton         Necr           N/A          99%         1    ##.....
 Apportation              Tloc           #.....       99%         1    ##.....
 Confusing Touch          Hex            #.....       99%         1    ##.....
 Freeze                   Ice            #...         99%         1    ##.....
 Summon Small Mammal      Summ           #...         99%         1    ##.....
 Call Imp                 Summ           #.......     99%         2    ###....
 Throw Frost              Conj/Ice       #.....       99%         2    ###....
 Call Canine Familiar     Summ           #.......     100%        3    ####...
 Ozocubu's Armour         Chrm/Ice       #.......     100%        3    ####...
 Summon Guardian Golem    Hex/Summ       #.......     100%        3    ####...
 Summon Ice Beast         Ice/Summ       #.......     100%        4    #####..
 Summon Lightning Spire   Summ/Air       #.......     100%        4    #####..
 Throw Icicle             Conj/Ice       #.......     100%        4    #####..


Dungeon Overview and Level Annotations

Branches:
Dungeon (7/15)
 Temple: D:4-7

Altars:
Cheibriados
Elyvilon
Gozag
Kikubaaqudgha
Ru
Vehumet
Yredelemnul

Shops:
D:6 }


Message History

* * * LOW HITPOINT WARNING * * *
The hound skeleton bites you.
* * * LOW HITPOINT WARNING * * *
The killer bee stings you but does no damage.
The killer bee barely misses you.
The hound skeleton bites you but does no damage.
The killer bee stings you.
* * * LOW HITPOINT WARNING * * *
The killer bee stings you but does no damage.
You closely miss the killer bee. You hit the hound skeleton.
You barely miss the killer bee.
* * * LOW HITPOINT WARNING * * *
You feel sick. You block the killer bee's attack.
The killer bee stings you but does no damage.
You block the hound skeleton's attack.
The killer bee stings you but does no damage.
The killer bee barely misses you. The hound skeleton closely misses you.
You miss the killer bee. You closely miss the killer bee.
You hit the hound skeleton.
You die...

# # #.##.
.[...#########
.............#
#....#5yZ....#
#......y@....#
#....#.†.....#
... #.>..[..#
. ....######
#..... .?.##..
.... ### .##.


You could see 2 killer bees, a shadow imp and a hound skeleton.

Vanquished Creatures
  Pikel (D:6)
  Prince Ribbit (D:6)
  Sigmund (D:2)
  Duvessa (D:6)
  A sky beast (D:5)
  A slave (D:6)
  2 ogres
  A bullfrog (D:6)
  A gnoll sergeant (D:6)
  A scorpion (D:4)
  A killer bee (D:7)
  A howler monkey (D:5)
  A crimson imp (D:5)
  A centaur skeleton (D:5)
  4 hounds
  Crazy Yiuf (D:2)
  A bullfrog skeleton (D:4)
  A bullfrog zombie (D:5)
  4 gnoll shamans (D:6)
  3 jellies (D:5)
  2 orc wizards
  An iguana (D:5)
  5 worker ants (D:4)
  9 gnolls (D:6)
  3 river rats (D:6)
  7 adders
  A shadow imp (D:7)
  3 worms
  2 dart slugs
  4 leopard geckos
  12 orcs
  6 bats
  6 giant cockroaches
  7 goblins
  10 hobgoblins
  6 jackals
  A quokka (D:2)
  2 ball pythons
  5 frilled lizards
  6 kobolds
  9 rats
136 creatures vanquished.

Vanquished Creatures (others)
  2 slaves (D:6)
  Dowan (D:6)
  A hound (D:6)
  2 gnolls (D:6)
  2 orcs (D:3)
  A jackal (D:6)
9 creatures vanquished.

Grand Total: 145 creatures vanquished

Notes
Turn   | Place    | Note
-------+----------+-------------------------------------------
     0 | D:1      | zishaf the Hill Orc Monk began the quest for the Orb.
     0 | D:1      | Reached XP level 1. HP: 19/19 MP: 1/1
   142 | D:1      | Reached XP level 2. HP: 25/27 MP: 2/2
   166 | D:1      | Reached skill level 1 in Armour
   846 | D:2      | Reached XP level 3. HP: 29/33 MP: 3/3
   969 | D:2      | Found an ancient bone altar of Kikubaaqudgha.
   985 | D:2      | Found a basalt altar of Yredelemnul.
   987 | D:2      | Found a white marble altar of Elyvilon.
  1375 | D:2      | Reached XP level 4. HP: 41/41 MP: 4/4
  1389 | D:2      | Noticed Sigmund
  1416 | D:2      | Killed Sigmund
  1416 | D:2      | Reached skill level 5 in Fighting
  1416 | D:2      | Reached skill level 5 in Axes
  1416 | D:2      | Reached XP level 5. HP: 3/48 MP: 5/5
  1764 | D:2      | Reached XP level 6. HP: 56/56 MP: 6/6
  1970 | D:2      | Found a runed door.
  1974 | D:2      | Noticed Crazy Yiuf
  1980 | D:2      | Killed Crazy Yiuf
  2067 | D:3      | Found a sacrificial altar of Ru.
  2140 | D:3      | Found a radiant altar of Vehumet.
  2142 | D:3      | Found an opulent altar of Gozag.
  3142 | D:4      | Got a scorched leather armour
  3166 | D:4      | Identified the cursed +0 leather armour "Geetinuc" {rElec}
                  | (You found it on level 4 of the Dungeon)
  3429 | D:4      | Reached XP level 7. HP: 61/63 MP: 7/7
  4198 | D:5      | Entered Level 5 of the Dungeon
  4216 | D:5      | Reached skill level 5 in Armour
  4405 | D:5      | Reached XP level 8. HP: 73/73 MP: 8/8
  4953 | D:5      | Found a snail-covered altar of Cheibriados.
  5061 | D:6      | Noticed Pikel
  5071 | D:6      | Killed Pikel
  5205 | D:6      | Reached XP level 9. HP: 74/82 MP: 9/9
  5254 | D:6      | Killed Dowan
  5393 | D:6      | Noticed Duvessa
  5410 | D:6      | Killed Duvessa
  5803 | D:6      | Noticed Prince Ribbit
  5820 | D:6      | Killed Prince Ribbit
  5919 | D:6      | Became a worshipper of Beogh the Brigand
  5919 | D:6      | Reached * piety under Beogh
  5919 | D:6      | Reached ** piety under Beogh
  5921 | D:6      | Found Peon Vid's Gadget Shop.
  6024 | D:7      | HP: 4/83 [hound skeleton (3)]
  6025 | D:7      | HP: 1/83 [poisoned by a killer bee]
  6026 | D:7      | Succumbed to a killer bee's poison

Vault maps used:
D:1:      dpeg_arrival_rhombus, hangedman_decor_riveting, minmay_unequal
D:2:      grunt_temple_overflow_open, uniq_crazy_yiuf_cottage, uniq_sigmund
D:3:      nicolae_ru_sacrificial_ziggurat, fiery_altar_vehumet,
          nicolae_gozag_cash_rules_everything_around_me
D:4:      first_ration
D:5:      cheibrodos_worm_habitat
D:6:      serial_shops, shop, gup_sewer_entry_spiral, serial_gnoll_camp,
          gnoll_camp_mini_loothouse, gnoll_camp_mini_hut, gnoll_camp_medium_02,
          gnoll_camp_mini_hut, gnoll_camp_mini_basic, gnoll_camp_mini_hut,
          uniq_pikel, uniq_duvessa, uniq_prince_ribbit1
D:7:      grunt_dithmenos_shadows, temple_doors_e, serial_shops,
          nicolae_shop_waterfront, xom_redecorated

Skill      XL: |  1  2  3  4  5  6  7  8  9 |
---------------+----------------------------+-----
Armour         | 1 2 3 4 5 6 7 |  7.7
Fighting       | 4 5 6 7 8 9 |  9.3
Dodging        | 3 |  3.0
Axes           | 5 6 7 8 9 |  9.8
Stealth        | |  1.5

Action                   |  1- 3 |  4- 6 |  7- 9 || total
-------------------------+-------+-------+-------++-------
Melee: Hand axe          |    86 |       |       ||    86
       Battleaxe         |    33 |   146 |   280 ||   459
Invok: Convert to Beogh  |       |       |     1 ||     1
  Use: Scroll            |       |     2 |     1 ||     3
 Stab: Sleeping          |       |     2 |       ||     2
  Eat: Chunk             |     2 |     6 |     9 ||    17
Armor: Robe              |    13 |       |       ||    13
       Leather armour    |    26 |     3 |       ||    29
       Ring mail         |       |    58 |     7 ||    65
       Chain mail        |       |       |   199 ||   199
Dodge: Dodged            |   116 |   117 |   172 ||   405
Block: Other             |       |       |    60 ||    60

Table legend:
 A = Non-vault XP
 B = Vault XP
 C = Vault XP percentage of total XP
 D = Non-vault monster count
 E = Vault monster count
 F = Vault count percentage of total count
                 A         B        C        D         E       F
            +---------+---------+-------+---------+---------+-------
      Total |    1490 |    1870 |  55.7 |      99 |      36 |  26.7
            +---------+---------+-------+---------+---------+-------
        D:1 |      24 |       9 |  27.3 |      13 |       6 |  31.6
        D:2 |      70 |     271 |  79.5 |      26 |       2 |   7.1
        D:3 |     175 |       0 |   0.0 |      21 |       0 |   0.0
        D:4 |     424 |       0 |   0.0 |      12 |       0 |   0.0
        D:5 |     606 |       5 |   0.8 |      18 |       1 |   5.3
        D:6 |     117 |    1585 |  93.1 |       7 |      27 |  79.4
        D:7 |      74 |       0 |   0.0 |       2 |       0 |   0.0
            +---------+---------+-------+---------+---------+-------
